cohdb
Replays
Latest Replays
All Replays
Popular Replays
Top Player Replays
Match Explorer
How It Works
Community
CoH3 Stats
Reddit
Sign in to upload your games and track your stats! →
Sign in with Steam
Match 41924560
Unlisted
Match 41924560
Overview
Messages
Build Orders
End
Pioneer Squad
Construct Infanterie Kompanie
MG 42 Machine Gun Team
Selects Breakthrough Battlegroup
Selects Assault Grenadiers
Grenadier Squad
Grenadier Squad
Medical Station
Construct Panzergrenadier Kompanie
Grenadier Squad
Support Elements
Panzergrenadier Squad
Selects Rapid Production
Selects Breakthrough
GrW 34 Mortar Team
Breakthrough
MG 42 Machine Gun Team
Construct Luftwaffe Kompanie
Jäger Squad
Jäger Squad
Wirbelwind Flakpanzer
Wirbelwind Flakpanzer
Pak 40 Anti-tank Gun Team
Jäger Squad
Construct Panzer Kompanie
Selects Blitzkrieg
Selects Tiger Heavy Tank
Selects Incendiary Bombing Run
Panzer IV Medium Tank
Mysterion
JORE
♿kiscolos🚾
asd
homig
kerem
ShadowStorm
Hanzz
0
0
Comments
sign in to comment!
No comments posted yet!